 Dungeon Crawl Stone Soup version 0.30-a0-578-gdee14c521f (webtiles) character file.

Game seed: 13813216969472161708

27134 Newt the Destroyer (level 13, 0/83 HPs)
             Began as a Demonspawn Gladiator on Dec 31, 2022.
             Was an Elder of Hepliaklqana.
             Slain by a four-headed hydra (8 damage)
             ... on level 5 of the Lair of Beasts.
             The game lasted 00:32:20 (18140 turns).

Newt the Destroyer (Demonspawn Gladiator)          Turns: 18140, Time: 00:32:20

Health: 0/83       AC: 10    Str: 17    XL:     13   Next: 2%
Magic:  0/34       EV: 13    Int: 27    God:    Hepliaklqana [****..]
Gold:   488        SH:  0    Dex: 10    Spells: 11/28 levels left

rFire   + . .      SeeInvis .    W - +9 dagger of Symmetry {venom, rN+ Int+5}
rCold   x . .      Faith    .    (no shield)
rNeg    + + .      Spirit   +    U - +4 ring mail of Winter {rN+ Regen+ Int+6}
rPois   +          Reflect  .    c - +0 helmet
rElec   +          Harm     .    l - scarf {shadows}
rCorr   .          Rampage  .    (no gloves)
Will    .....                    (no boots)
Stlth   ++                       G - amulet of guardian spirit
HPRegen 1.13/turn                z - ring of magical power
MPRegen 0.48/turn                P - ring "Guceedudi" {Fire rElec rPois Int+3 Dex-4}

@: no status effects
A: reduced essence, magic regeneration, demonic magic 3, demonic touch 2
a: Renounce Religion, Recall Ancestor, Ancestor Identity, Transference, Idealise


You were on level 5 of the Lair of Beasts.
You worshipped Hepliaklqana.
Hepliaklqana was greatly pleased with you.
You visited 3 branches of the dungeon, and saw 17 of its levels.
You also visited: Volcano.

You collected 940 gold pieces.
You spent 452 gold pieces at shops.

Inventory:

Hand Weapons
 W - the +9 dagger of Symmetry (weapon) {venom, rN+ Int+5}
   (You found it on level 2 of the Lair of Beasts)

   It poisons the flesh of those it strikes.
   Int:       It affects your intelligence (+5).
   rN:        It protects you from negative energy.
Missiles
 d - 3 throwing nets (quivered)
 k - 3 javelins
Armour
 c - a +0 helmet (worn)
 l - a scarf of shadows (worn)
 m - a +0 cloak
 B - a +0 robe of cold resistance
 H - +0 steam dragon scales
 U - the +4 ring mail of Winter (worn) {rN+ Regen+ Int+6}
   (You found it on level 10 of the Dungeon)

   Int:       It affects your intelligence (+6).
   rN:        It protects you from negative energy.
   Regen:     It increases your rate of health regeneration.
Jewellery
 j - a ring of protection from cold
 t - a ring of flight
 z - a ring of magical power (left hand)
 D - an amulet of magic regeneration
 E - a ring of positive energy
 F - an amulet of faith
 G - an amulet of guardian spirit (around neck)
 P - the ring "Guceedudi" (right hand) {Fire rElec rPois Int+3 Dex-4}
   (You bought it in a shop on level 9 of the Dungeon)

   [ring of fire]

   It enhances your fire magic.
   Int:       It affects your intelligence (+3).
   Dex:       It affects your dexterity (-4).
   rF:        It protects you from fire.
   rC:        It makes you vulnerable to cold.
   rElec:     It insulates you from electricity.
   rPois:     It protects you from poison.
 R - a +6 ring of strength
 V - a ring of positive energy
Wands
 a - a wand of roots (3)
 u - a wand of acid (10)
 y - a wand of polymorph (17)
 Q - a wand of flame (6)
Scrolls
 f - 2 scrolls of poison
 h - a scroll of enchant weapon {unknown}
 i - a scroll of identify
 w - 3 scrolls of immolation
 x - 7 scrolls of teleportation
 K - a scroll of blinking
 O - 2 scrolls of fear
 S - 3 scrolls of amnesia
 X - a scroll of magic mapping
 Z - a scroll of vulnerability
Potions
 b - a potion of haste {unknown}
 e - a potion of invisibility {unknown}
 n - 2 potions of brilliance
 o - 2 potions of magic
 p - 4 potions of curing
 r - 3 potions of flight
 v - 3 potions of mutation
 A - 8 potions of lignification
 I - 2 potions of heal wounds
 M - a potion of berserk rage
 N - a potion of cancellation
 T - a potion of degeneration {unknown}
Miscellaneous
 g - a phial of floods
 Y - a piece from Xom's chessboard (15/15)


   Skills:
 - Level 6.0 Fighting
 - Level 6.0 Short Blades
 - Level 1.7 Throwing
 - Level 3.0 Armour
 - Level 8.0 Dodging
 - Level 6.0 Stealth
 - Level 8.0 Spellcasting
 + Level 9.2 Conjurations
 - Level 7.0 Fire Magic
 - Level 6.0 Air Magic
 - Level 6.0 Invocations
 - Level 6.0 Evocations


You had 11 spell levels left.
You knew the following spells:

 Your Spells              Type           Power      Damage    Failure   Level
a - Sticky Flame          Conj/Fire      69%        2d8       3%          4
b - Flame Wave            Conj/Fire      69%        2d16      3%          4
c - Lightning Bolt        Conj/Air       25%        1d41      12%         5
d - Airstrike             Air            21%        2d(4-20)  8%          4

Your spell library contained the following spells:

 Spells                   Type           Power      Damage    Failure   Level
 Inner Flame              Hex/Fire       44%        N/A       7%          3
 Summon Lightning Spire   Summ/Air       27%        N/A       26%         4
 Leda's Liquefaction      Hex/Erth       5%         N/A       67%         4
 Lee's Rapid Deconstruct  Erth           5%         3d6*      95%         5
 Statue Form              Tmut/Erth      6%         N/A       100%        6


Dungeon Overview and Level Annotations

Branches:
Dungeon (11/15)            Temple (1/1) D:7            Lair (5/5) D:9
 Shoals (0/4) Lair:3       Spider (0/4) Lair:2          Orc (0/2) D:10
Volcano (visited)
  Slime: Lair:4-5

Altars:
Ashenzari
Cheibriados
Dithmenos
Fedhas
Gozag
Hepliaklqana
Kikubaaqudgha
Makhleb
Nemelex Xobeh
Okawaru
Qazlal
Ru
Sif Muna
Trog
Uskayaw
Vehumet
Wu Jian
Xom
Yredelemnul

Shops:
D:3 *   D:9 =


Innate Abilities, Weirdness & Mutations

Your life essence is reduced to manifest your ancestor. (-10% HP)
You regenerate magic rapidly.
Spells you cast and wands you use may paralyse nearby enemies.
Your touch may inflict irresistible damage on your foes.


Message History

Aiming: Sticky Flame (dangerous; 3% risk of failure)
Press: ? - help, Shift-Dir - straight line, f/p - four-headed hydra
Aim: a four-headed hydra (lightly wounded, covered in liquid flames)
You feel a surge of power!
The sticky flame hits the four-headed hydra!
The four-headed hydra is moderately wounded.
The four-headed hydra is covered in liquid flames!
Malevolent energies surge around you.
The yak suddenly stops moving!
The blink frog suddenly stops moving!
The blink frog burns!
The four-headed hydra burns!
The cane toad misses you.
The blink frog hits Jabu!
The blink frog blinks!
The yak gores you. The four-headed hydra bites you.
The four-headed hydra completely misses you.
The four-headed hydra barely misses you.
The four-headed hydra bites you!
Casting: Sticky Flame (dangerous; 3% risk of failure)
Confirm with . or Enter, or press ? or * to list all spells.
Aiming: Sticky Flame (dangerous; 3% risk of failure)
Press: ? - help, Shift-Dir - straight line, f/p - four-headed hydra
Aim: a four-headed hydra (moderately wounded, covered in liquid flames)
You feel a surge of power!
The sticky flame hits the four-headed hydra!
The four-headed hydra is heavily wounded.
The four-headed hydra is covered in liquid flames!
Malevolent energies surge around you.
The blink frog suddenly stops moving!
The wyvern suddenly stops moving!
The blink frog burns!
You kill the blink frog!
The four-headed hydra burns!
The yak is no longer paralysed.
The cane toad stings you!
The blink frog blinks! x2
A rime drake comes into view.
The four-headed hydra misses you.
The four-headed hydra closely misses you.
The four-headed hydra bites you but does no damage.
The four-headed hydra bites you! The yak gores you!
* * * LOW HITPOINT WARNING * * *
The cane toad misses you.
The four-headed hydra burns!
The yak gores you!
* * * LOW HITPOINT WARNING * * *
The yak closely misses you. The four-headed hydra bites you!
You die...

#. .≈≈≈≈≈≈≈
~~k ..≈≈≈≈§≈
~..###$.≈≈≈≈F
#~...........
#~....YF.....
~~...YFY.....
^~...D@F..§..
~....F.Y.....
#...F........
.~~.l.R....##
..........##
#~........#
#.P......##


You could see the friendly Jabu the battlemage, a four-headed hydra (burning), 4
yaks, a cane toad, 5 blink frogs, a rime drake and a wyvern (paralysed).

Vanquished Creatures
  3 two-headed ogres
  A hell knight (Volcano)
  Nergalle (D:10)
  A salamander mystic (Volcano)
  Pikel (D:8)
  4 salamanders (Volcano)
  A molten gargoyle (Volcano)
  A merfolk siren (Lair:3)
  3 black mambas
  A rime drake (Lair:2)
  7 cane toads
  Maggie (D:7)
  6 komodo dragons
  2 trolls (D:9)
  A burning bush (Lair:1)
  2 hornets
  Grinder (D:5)
  7 blink frogs
  3 culicivoras (Lair:2)
  13 yaks
  4 wyverns
  A basilisk (Lair:1)
  A wraith (D:9)
  Menkaure (D:5)
  An acid dragon (D:9)
  11 water moccasins
  2 ice beasts
  2 sky beasts
  An orc warrior (D:8)
  A black bear (D:5)
  2 ogres (D:5)
  3 centaurs
  15 wolves
  A phantom (D:5)
  A kobold brigand (D:7)
  Blork the orc (D:4)
  9 bullfrogs
  3 gnoll sergeants
  2 scorpions (D:5)
  7 wights
  2 killer bees (D:10)
  2 howler monkeys
  3 electric eels
  5 lava snakes (Volcano)
  8 hounds
  6 orc priests
  2 jellies
  2 gnoll boudas
  6 iguanas
  Natasha (twice) (D:3)
  7 orc wizards
  25 gnolls
  7 adders
  A shadow imp (D:7)
  A white imp (D:7)
  An ufetubus (D:4)
  5 worms
  2 dart slugs
  42 orcs
  7 ball pythons
  7 endoplasms
  A giant cockroach (D:4)
  12 goblins
  8 hobgoblins
  2 jackals (D:4)
  10 kobolds
  7 quokkas
  5 bats
  2 frilled lizards
  13 rats
332 creatures vanquished.

Vanquished Creatures (collateral kills)
  A molten gargoyle (Volcano)
  5 cane toads
  A komodo dragon (Lair:2)
  A polar bear (Lair:2)
  3 blink frogs (Lair:4)
  A basilisk (Lair:1)
  2 yaks (Lair:4)
  2 fire bats (Volcano)
  A water moccasin (Lair:4)
  2 bullfrogs
  A killer bee (D:10)
  2 orcs (D:10)
22 creatures vanquished.

Vanquished Creatures (others)
  23 fungi
  22 plants
45 creatures vanquished.

Grand Total: 399 creatures vanquished

Notes
Turn   | Place    | Note
-------+----------+-------------------------------------------
     0 | D:1      | Newt the Demonspawn Gladiator began the quest for the Orb.
     0 | D:1      | Reached XP level 1. HP: 16/16 MP: 1/1
    31 | D:1      | Reached skill level 1 in Stealth
    47 | D:1      | Gained mutation: Your touch may inflict minor irresistible
                  | damage on your foes. [demonic ancestry]
    47 | D:1      | Reached XP level 2. HP: 20/22 MP: 2/2
   536 | D:1      | Reached XP level 3. HP: 28/28 MP: 3/3
  1056 | D:2      | Reached XP level 4. HP: 30/37 MP: 4/4
  1421 | D:3      | Noticed Natasha
  1427 | D:3      | Killed Natasha
  1500 | D:3      | Gained mutation: Spells you cast may paralyse adjacent
                  | enemies. [demonic ancestry]
  1500 | D:3      | Reached XP level 5. HP: 32/42 MP: 5/5
  1634 | D:3      | Found Zin's Purification Station.
  1673 | D:3      | Found a stormy altar of Qazlal.
  1819 | D:3      | Noticed Natasha
  1825 | D:3      | Killed Natasha
  2789 | D:4      | Gained mutation: Spells you cast may paralyse nearby
                  | enemies. [demonic ancestry]
  2789 | D:4      | Reached XP level 6. HP: 46/48 MP: 6/6
  2860 | D:4      | Reached skill level 1 in Spellcasting
  3043 | D:4      | Identified the +1 leather armour of Parts Unknown {Dex+2}
  3087 | D:4      | Noticed Blork the orc
  3100 | D:4      | Killed Blork the orc
  3727 | D:5      | Entered Level 5 of the Dungeon
  3801 | D:5      | Reached XP level 7. HP: 52/54 MP: 10/12
  3864 | D:5      | Reached skill level 1 in Evocations
  4266 | D:5      | Reached skill level 5 in Short Blades
  4342 | D:4      | Gained mutation: Your touch may inflict irresistible damage
                  | on your foes. [demonic ancestry]
  4342 | D:4      | Reached XP level 8. HP: 47/60 MP: 14/14
  4792 | D:5      | Identified the +0 scale mail of the Known World {rPois}
  5053 | D:5      | Found a sparkling altar of Nemelex Xobeh.
  5180 | D:5      | Noticed Grinder
  5191 | D:5      | Killed Grinder
  5226 | D:5      | Noticed Menkaure
  5233 | D:5      | Killed Menkaure
  5234 | D:5      | Reached skill level 5 in Stealth
  5234 | D:5      | Reached skill level 1 in Armour
  6071 | D:6      | Found a basalt altar of Yredelemnul.
  6197 | D:6      | Found a blossoming altar of Fedhas.
  6334 | D:6      | Found a shimmering blue altar of Sif Muna.
  6338 | D:6      | Reached XP level 9. HP: 64/65 MP: 15/15
  6398 | D:6      | Reached skill level 5 in Dodging
  7415 | D:7      | Found a staircase to the Ecumenical Temple.
  7495 | Temple   | Entered the Ecumenical Temple
  7821 | D:7      | Noticed Maggie
  7832 | D:7      | Killed Maggie
  7833 | D:7      | Reached skill level 1 in Conjurations
  7833 | D:7      | Reached skill level 1 in Fire Magic
  7923 | D:7      | Reached skill level 2 in Conjurations
  8521 | D:7      | Reached skill level 3 in Conjurations
  8700 | D:7      | Found an ornate altar of the Wu Jian Council.
  9054 | D:8      | Reached skill level 4 in Conjurations
  9151 | D:8      | Found a hazy altar of Hepliaklqana.
  9166 | D:8      | Became a worshipper of Hepliaklqana the Forgotten
  9570 | D:7      | Reached skill level 5 in Fire Magic
  9585 | D:7      | Reached XP level 10. HP: 11/71 MP: 5/17
  9783 | D:7      | Learned a level 4 spell: Sticky Flame
  9846 | D:8      | Reached skill level 5 in Spellcasting
 10518 | D:8      | Noticed a two-headed ogre
 10524 | D:8      | Killed a two-headed ogre
 10614 | D:8      | Noticed Pikel
 10626 | D:8      | Killed Pikel
 10717 | D:8      | Found a hide-covered altar of Uskayaw.
 11571 | D:9      | Found a staircase to the Lair.
 11903 | D:9      | Found Kuiff's Jewellery Shoppe.
 11909 | D:9      | Bought the ring "Guceedudi" {Fire rElec rPois Int+3 Dex-4}
                  | for 452 gold pieces
 12025 | D:9      | Found a shadowy altar of Dithmenos.
 12280 | D:10     | Entered Level 10 of the Dungeon
 12301 | D:10     | Reached * piety under Hepliaklqana
 12415 | D:10     | Noticed a two-headed ogre
 12420 | D:10     | HP: 3/63 [centaur/arrow (4)]
 12424 | D:10     | Killed a two-headed ogre
 12425 | D:10     | Gained mutation: You regenerate magic rapidly. [demonic
                  | ancestry]
 12425 | D:10     | Reached XP level 11. HP: 21/69 MP: 1/23
 12432 | D:10     | Reached skill level 5 in Conjurations
 12591 | D:10     | Noticed Nergalle
 12600 | D:10     | Killed Nergalle
 12700 | D:10     | Found a shimmering altar of Xom.
 12818 | D:10     | Identified the +4 ring mail of Winter {rN+ Regen+ Int+6}
 12849 | D:10     | Noticed a two-headed ogre
 12858 | D:10     | Killed a two-headed ogre
 12859 | D:10     | Reached skill level 6 in Conjurations
 12922 | D:10     | Found a staircase to the Orcish Mines.
 13226 | D:10     | Found an opulent altar of Gozag.
 13233 | D:10     | Found a burning altar of Makhleb.
 13632 | Lair:1   | Entered Level 1 of the Lair of Beasts
 13641 | Lair:1   | Reached skill level 7 in Conjurations
 14159 | Lair:1   | Learned a level 4 spell: Flame Wave
 14487 | Lair:1   | Reached ** piety under Hepliaklqana
 14488 | Lair:1   | Remembered your ancestor Jabu as a battlemage
 14811 | Lair:2   | Reached skill level 5 in Evocations
 14951 | Lair:2   | Identified the +9 dagger of Symmetry {venom, rN+ Int+5}
 15125 | Lair:2   | Reached skill level 5 in Fighting
 15152 | Lair:2   | Found a hole to the Spider Nest.
 15303 | Lair:2   | Reached *** piety under Hepliaklqana
 15465 | Lair:2   | Reached XP level 12. HP: 65/78 MP: 24/24
 15604 | Lair:3   | Reached skill level 1 in Invocations
 15787 | Lair:3   | Reached skill level 5 in Invocations
 16074 | Lair:3   | Found a staircase to the Shoals.
 16609 | Lair:4   | Reached skill level 1 in Air Magic
 16659 | Lair:4   | Found a dark tunnel.
 16664 | Volcano  | Entered a volcano
 16673 | Volcano  | Learned a level 5 spell: Lightning Bolt
 16678 | Volcano  | Learned a level 4 spell: Airstrike
 16751 | Volcano  | Reached **** piety under Hepliaklqana
 17026 | Volcano  | Found a radiant altar of Vehumet.
 17036 | Volcano  | Reached skill level 5 in Air Magic
 17372 | Lair:4   | Reached skill level 8 in Conjurations
 18132 | Lair:5   | Entered Level 5 of the Lair of Beasts
 18132 | Lair:5   | Noticed a four-headed hydra
 18135 | Lair:5   | Reached skill level 9 in Conjurations
 18135 | Lair:5   | Gained mutation: Spells you cast and wands you use may
                  | paralyse nearby enemies. [demonic ancestry]
 18135 | Lair:5   | Reached XP level 13. HP: 83/83 MP: 25/25
 18140 | Lair:5   | Slain by a four-headed hydra

Illustrated notes

Levels and vault maps discovered:
D:1:      dpeg_arrival_ratfight, layout_basic
D:2:      layout_basic, minmay_three_crescents
D:3:      layout_loops_corners, mainiacjoe_overflow_paths, zin_purify,
          grunt_ministairs_1, uniq_natasha
D:4:      layout_basic, uniq_blork_the_orc
D:5:      layout_layer_cave, lemuel_doored_altar,
          minmay_fractal_squares_gapless_5, uniq_menkaure, uniq_grinder
D:6:      layout_layer_cave, kennysheep_little_box,
          mainiacjoe_overflow_concentric_impassable, fedhas_altar_fruit_tree,
          cheibrodos_sewer_entry_bend
D:7:      layout_gridville, nicolae_wu_jian_glorious_leap,
          minmay_temple_entry_statues_fountains, uniq_maggie
D:8:      layout_loops_cross, lemuel_tele_altar, nzn_hepliaklqana_mist_gate,
          uniq_pikel
D:9:      lemuel_ice_spiral_2, layout_basic, nicolae_dithmenos_shadow_blocks,
          erik_lair_island, serial_shops, nicolae_square_shop
D:10:     layout_basic, xom_teletrap_fun, minitemple, orc_0_dummy, uniq_nergalle
D:11:     layout_basic, trog_ov_bears_minmay
Temple:   hellmonk_temple_forest_ring
Lair:1:   layout_cave_pods, evilmike_ambush [evilmike_ambush_outer_basic,
          evilmike_ambush_inner_wall_1]
Lair:2:   layout_regular_city, hellmonk_spider_entry_life_and_decay,
          minmay_holes, serial_bayou_shore_b
Lair:3:   layout_roguey, minmay_shoals_entry_lonely_mermaid,
          infiniplex_staircase_pool, lemuel_fruit_fields, serial_bayou_shore_a
Lair:4:   layout_loops_ring, enter_volcano_4
Lair:5:   gammafunk_lair_ancient_temple, layout_big_grid, slime_entry_2,
          gammafunk_ghost_berserking_beasts, nicolae_quartered_pool_impasse

Skill      XL: |  1  2  3  4  5  6  7  8  9 10 11 12 |
---------------+-------------------------------------+-----
Stealth        | 1 2 5 6 |  6.0
Fighting       | 3 4 5 6 |  6.0
Short Blades   | 3 4 5 6 |  6.0
Dodging        | 3 4 6 8 |  8.0
Spellcasting   | 3 4 8 |  8.0
Evocations     | 3 6 |  6.0
Armour         | 3 |  3.0
Conjurations   | 4 7 9 |  9.2
Fire Magic     | 5 7 |  7.0
Invocations    | 6 |  6.0
Air Magic      | 6 |  6.0
Throwing       | |  1.7

Action                   |  1- 3 |  4- 6 |  7- 9 | 10-12 | 13-15 || total
-------------------------+-------+-------+-------+-------+-------++-------
Melee: Rapier            |    28 |       |       |       |       ||    28
       Short sword       |    63 |   133 |   355 |    25 |       ||   576
       Touch             |    11 |    32 |    80 |    68 |       ||   191
       Punch             |       |     1 |     8 |     6 |       ||    15
       Dagger            |       |       |       |   398 |     1 ||   399
Throw: Dart              |       |     5 |    10 |       |       ||    15
       Throwing net      |       |       |     8 |     1 |       ||     9
       Javelin           |       |       |     1 |       |       ||     1
 Cast: Sticky Flame      |       |       |       |    67 |     4 ||    71
       Airstrike         |       |       |       |    17 |       ||    17
       Lightning Bolt    |       |       |       |     2 |       ||     2
Invok: Ancestor Life: Ba |       |       |       |     1 |       ||     1
Evoke: Wand              |       |       |     3 |       |       ||     3
  Use: Scroll            |     1 |     6 |     4 |     6 |       ||    17
       Potion            |       |       |     5 |     4 |       ||     9
 Stab: Sleeping          |     2 |     6 |    11 |     7 |       ||    26
       Distracted        |       |       |     2 |     8 |       ||    10
       Held in net/web   |       |       |     1 |       |       ||     1
       Paralysed         |       |       |       |    60 |     1 ||    61
Armor: Leather armour    |    17 |    20 |    69 |    50 |       ||   156
       Steam dragon scal |       |       |       |    36 |       ||    36
       Ring mail         |       |       |       |    57 |     4 ||    61
Dodge: Dodged            |    47 |    63 |   161 |   276 |    10 ||   557

Table legend: (Time is in decaauts)
 A = Elapsed time spent in this place.
 B = Non-inter-level travel time spent in this place.
 C = Inter-level travel time spent in this place.
 D = Time resting spent in this place.
 E = Time spent auto-exploring this place.
 F = Levels seen in this place.
 G = Mean time per level.
                   A        B        C        D        E       F      G
               +--------+--------+--------+--------+--------+-----+--------+
         Total |  17948 |  17279 |    669 |   2876 |  11543 |  18 |  997.1 |
       Dungeon |  13301 |  12726 |    575 |   2460 |   8196 |  11 | 1209.2 |
        Temple |    164 |    157 |      7 |      0 |    125 |   1 |  164.0 |
          Lair |   3838 |   3751 |     87 |    332 |   2839 |   5 |  767.6 |
       Volcano |    644 |    644 |      0 |     84 |    383 |   1 |  644.0 |
               +--------+--------+--------+--------+--------+-----+--------+

Top non-repeatable levels by time:
     D:7: 2183 daAuts
     D:5: 1749 daAuts
     D:4: 1718 daAuts
     D:6: 1497 daAuts
     D:8: 1329 daAuts
    D:10: 1328 daAuts
     D:9: 1301 daAuts
  Lair:1: 1068 daAuts
  Lair:3: 1026 daAuts
  Lair:2: 870 daAuts
  Lair:4: 866 daAuts
     D:3: 855 daAuts
     D:1: 668 daAuts
     D:2: 666 daAuts
 Volcano: 644 daAuts
